 Dungeon Crawl Stone Soup version 0.31.0-32-g396128a36d (webtiles) character file.

Game seed: 7434696630003234667

654 Eryx the Firebug (level 7, -3/33 HPs)
             Began as a Vine Stalker Fire Elementalist on Apr 21, 2024.
             Was a Believer of Sif Muna.
             Slain by an ogre
             ... wielding a +0 giant club
              (19 damage)
             ... on level 4 of the Dungeon.
             The game lasted 00:13:54 (3720 turns).

Eryx the Firebug (Vine Stalker Fire Elementalist)   Turns: 3720, Time: 00:13:55

Health: -3/33      AC:  3    Str: 10    XL:     7   Next: 54%
Magic:  0/14       EV: 12    Int: 15    God:    Sif Muna [**....]
Gold:   152        SH:  0    Dex: 15    Spells: 0/14 levels left

rFire   . . .        g - +0 scythe
rCold   + . .        (shield currently unavailable)
rNeg    + . .        c - +1 robe {rC+}
rPois   .            (helmet restricted)
rElec   .            (no cloak)
rCorr   .            (no gloves)
SInv    .            (no boots)
Will    +....        (no amulet)
Stlth   +++          f - ring of willpower
HPRegen 1.05/turn    o - ring of positive energy
MPRegen 0.14/turn

%: guardian spirit
@: no status effects
A: fangs 2, regeneration 1, magic shield, antimagic bite, no potion heal 2,
horns 1, dopey 1
a: Renounce Religion, Channel Magic


You were on level 4 of the Dungeon.
You worshipped Sif Muna.
Sif Muna was pleased with you.
You visited 1 branch of the dungeon, and saw 4 of its levels.

You collected 188 gold pieces.
You spent 36 gold pieces at shops.

Inventory:

Hand Weapons
 g - a +0 scythe (weapon)
Missiles
 m - a boomerang (quivered)
Armour
 a - a +0 robe
 c - a +1 robe of cold resistance (worn)
 h - a +2 helmet
Jewellery
 f - a ring of willpower (left hand)
 o - a ring of positive energy (right hand)
Talismans
 l - a blade talisman
Scrolls
 n - a scroll of amnesia
Potions
 b - a potion of lignification
 d - 3 potions of heal wounds
 e - a potion of curing
 i - a potion of attraction
 j - a potion of ambrosia {unknown}


   Skills:
 * Level 1.2 Fighting
 * Level 1.0 Polearms
 * Level 0.9 Throwing
 * Level 1.4 Armour
 * Level 2.5 Dodging
 * Level 3.8 Stealth
 + Level 0.1 Unarmed Combat
 * Level 4.0 Spellcasting
 * Level 2.1 Conjurations
 * Level 1.1 Hexes
 * Level 0.7 Necromancy
 * Level 1.7 Translocations
 * Level 4.6 Fire Magic
 * Level 0.7 Invocations
 * Level 0.5 Shapeshifting


You couldn't memorise any spells.
You knew the following spells:

 Your Spells              Type           Power      Damage    Failure   Level
a - Foxfire               Conj/Fire      52%        2x1d6     4%          1
b - Scorch                Fire           32%        2d6       4%          2
c - Volatile Blastmotes   Fire/Tloc      24%        2d12      14%         3
d - Inner Flame           Hex/Fire       11%        N/A       17%         3
e - Kiss of Death         Conj/Necr      28%        2d7       11%         1
f - Flame Wave            Conj/Fire      13%        2d6       41%         4

Your spell library contained the following spells:

 Spells                   Type           Power      Damage    Failure   Level
 Confusing Touch          Hex            6%         N/A       34%         3
 Fugue of the Fallen      Necr           5%         N/A       38%         3
 Ozocubu's Armour         Ice            3%         N/A       47%         3
 Manifold Assault         Tloc           8%         N/A       65%         4
 Dispel Undead            Necr           5%         3d7       80%         4


Dungeon Overview and Level Annotations

Branches:
Dungeon (4/15)
 Temple: D:4-7

Altars:
Sif Muna
The Shining One

Shops:
D:2 !


Innate Abilities, Weirdness & Mutations

You have extremely sharp teeth.
Your natural rate of healing is unusually fast.
When hurt, damage is shared between your health and your magic reserves.
Your bite disrupts and absorbs the magic of your enemies.
Potions cannot restore your health.
You have a pair of small horns on your head.
You are dopey. (Int -2)


Message History

Flames lash the adder.
The adder is severely wounded.
The adder's fire resistance burns away.
The adder bites you.
You are poisoned.
The adder poisons you! The adder bites you.
Your magical contamination has completely faded away.
You feel sick.
You feel sick.
You feel sick.
You feel sick.
The adder is no longer more vulnerable to fire.
The adder bites you but does no damage.
Casting: Scorch (safe; 4% risk of failure)
Confirm with . or Enter, or press ? or * to list all spells.
Flames lash the adder.
You kill the adder!
Sif Muna accepts your kill.
You feel sick.
You are no longer poisoned.
You fail to use your ability.
The ogre hits you with a +0 giant club!!
Ouch! That really hurt!
* * * LOW HITPOINT WARNING * * *
Unknown command.
Okay, then.
There is an escape hatch in the ceiling here.
There is an escape hatch in the floor here.
The ogre attacks as it pursues you! The ogre misses you.
The ogre's inner flame fades away.
You see here a +0 giant club.
The ogre barely misses you. The ogre attacks as it pursues you!
The ogre hits you with a +0 giant club!!
Ouch! That really hurt!
* * * LOW HITPOINT WARNING * * *
The ogre attacks as it pursues you! The ogre closely misses you.
The ogre attacks as it pursues you!
The ogre hits you with a +0 giant club!!
Ouch! That really hurt!
You die...

.....#### ######)# .....)..#
#...hh.# .†...##.# #.######
#.#.###.# #.# #.#.# #.# #h#
..#.# #.# #h#
###.###.########.##
#.............O.#
#####.########@.### #.#
#....#
#.########.##.#########
#..........##..........
.######..##########.########.
.........##.........^#
............#######....(...
############# #########


You could see an ogre and 2 jackals.

Vanquished Creatures
  Sigmund (D:2)
  The ghost of Consumeair16 the Ducker, an amateur GnWn (D:3)
  2 ogres (D:4)
  Terence (D:2)
  Robin (D:2)
  6 adders
  2 ribbon worms
  3 dart slugs
  7 endoplasms
  3 giant cockroaches
  18 goblins
  10 hobgoblins
  7 jackals
  9 kobolds
  3 quokkas
  3 ball pythons
  7 bats
  A frilled lizard (D:1)
  5 rats
90 creatures vanquished.

Vanquished Creatures (others)
  65 foxfires
65 creatures vanquished.

Grand Total: 155 creatures vanquished

Notes
Turn   | Place    | Note
-------+----------+-------------------------------------------
     0 | D:1      | Eryx the Vine Stalker Fire Elementalist began the quest for
                  | the Orb.
     0 | D:1      | Reached XP level 1. HP: 9/9 MP: 4/4
    96 | D:1      | Reached XP level 2. HP: 12/13 MP: 1/6
   149 | D:1      | Learned a level 2 spell: Scorch
   531 | D:1      | Reached XP level 3. HP: 16/16 MP: 3/7
   535 | D:1      | Learned a level 3 spell: Volatile Blastmotes
  1051 | D:2      | Found Xewkymm's Distillery.
  1056 | D:2      | Noticed Sigmund
  1075 | D:2      | Killed Sigmund
  1076 | D:2      | Reached skill level 1 in Armour
  1076 | D:2      | Reached XP level 4. HP: 12/21 MP: 0/10
  1076 | D:2      | Reached XP level 5. HP: 15/25 MP: 0/11
  1092 | D:2      | Bought a potion of curing for 36 gold pieces
  1180 | D:2      | Learned a level 3 spell: Inner Flame
  1185 | D:2      | Noticed Robin
  1258 | D:2      | Killed Robin
  1259 | D:2      | Reached XP level 6. HP: 13/29 MP: 2/12
  1473 | D:2      | Found a faded altar of an unknown god.
  1534 | D:2      | Prayed at the altar of an unknown god.
  1534 | D:2      | Became a worshipper of Sif Muna the Loreminder
  1534 | D:2      | Reached * piety under Sif Muna
  1724 | D:2      | Noticed Terence
  1747 | D:2      | Killed Terence
  1748 | D:2      | Reached skill level 1 in Translocations
  2257 | D:2      | Learned a level 1 spell: Kiss of Death
  2345 | D:3      | Noticed Consumeair16's ghost (amateur GnWn)
  2348 | D:3      | Found a runed translucent door.
  2844 | D:3      | Found a glowing golden altar of the Shining One.
  2938 | D:3      | Reached ** piety under Sif Muna
  3105 | D:3      | Killed Consumeair16's ghost
  3106 | D:3      | Reached skill level 1 in Fighting
  3106 | D:3      | Reached XP level 7. HP: 33/33 MP: 1/13
  3168 | D:3      | Gained mutation: You are dopey. (Int -2) [potion of
                  | mutation]
  3168 | D:3      | Gained mutation: You have a pair of small horns on your
                  | head. [potion of mutation]
  3233 | D:4      | Reached skill level 1 in Hexes
  3585 | D:4      | Reached skill level 1 in Polearms
  3593 | D:4      | Learned a level 4 spell: Flame Wave
  3720 | D:4      | Slain by an ogre

Illustrated notes

Levels and vault maps discovered:
D:1:      amcnicky_arrival_feature_with_door, layout_basic
D:2:      layout_basic, serial_shops, shop, shapermc_ecumenical_altar_pompeii,
          uniq_sigmund, uniq_terence, uniq_robin
D:3:      layout_loops_ring, mainiacjoe_overflow_chevrons,
          hellmonk_ghost_happy_afterlife, minmay_misc_feat_five,
          kennysheep_generic_room_4
D:4:      layout_loops_ring

Skill      XL: |  1  2  3  4  5  6  7 |
---------------+----------------------+-----
Armour         | 1 |  1.4
Dodging        | 2 |  2.5
Stealth        | 3 |  3.8
Spellcasting   | 3 4 |  4.0
Fire Magic     | 4 |  4.6
Translocations | 1 |  1.7
Fighting       | 1 |  1.2
Conjurations   | 2 |  2.1
Hexes          | 1 |  1.1
Polearms       | 1 |  1.0
Throwing       | |  0.9
Unarmed Combat | |  0.1
Necromancy     | |  0.7
Invocations    | |  0.7
Shapeshifting  | |  0.5

Action                     |  1- 3 |  4- 6 |  7- 9 || total
---------------------------+-------+-------+-------++-------
  Melee: Unarmed           |     2 |       |       ||     2
         Short sword       |     2 |       |       ||     2
         Bite              |     1 |     6 |     2 ||     9
         Halberd           |       |    24 |     7 ||    31
         Headbutt          |       |       |     1 ||     1
  Throw: Boomerang         |       |    11 |    11 ||    22
   Cast: Foxfire           |    23 |    10 |     3 ||    36
         Scorch            |    20 |    42 |    19 ||    81
         Inner Flame       |       |     1 |     1 ||     2
         Volatile Blastmot |       |     1 |     1 ||     2
    Use: Potion            |     2 |     1 |     1 ||     4
         Scroll            |     4 |     6 |     1 ||    11
   Stab: Sleeping          |       |     1 |     1 ||     2
 Armour: Robe              |    27 |    46 |    21 ||    94
         Skin              |       |     9 |       ||     9
  Dodge: Dodged            |    48 |    33 |    21 ||   102
